 Dungeon Crawl Stone Soup version 0.19-a0-1686-g35356ef (webtiles) character file.

15 Amnesiac the Ogre Mage (level 2, 0/24 HPs)
             Began as an Ogre Wizard on Sept 25, 2016.
             Slain by Terence
             ... wielding a +2 falchion of holy wrath
              (4 damage)
             ... on level 2 of the Dungeon.
             The game lasted 00:01:42 (700 turns).

Amnesiac the Ogre Mage (Ogre Wizard)                 Turns: 700, Time: 00:01:44

Health: 0/24       AC:  4    Str: 11    XL:     2   Next: 50%
Magic:  2/7        EV: 10    Int: 17    God:
Gold:   16         SH:  0    Dex:  8    Spells: 3 memorised, 4 levels left

rFire  . . .     SeeInvis .     i - +0 mace
rCold  . . .     Gourm    .     a - +0 robe
rNeg   . . .     Faith    .     (no shield)
rPois  .         Spirit   .     b - +0 hat
rElec  .         Dismiss  .     (no cloak)
rCorr  .         Reflect  .     (gloves unavailable)
MR     .....     Harm     .     (boots unavailable)
Stlth  +.........               (no amulet)
                                (no ring)
                                (no ring)

@: very slightly contaminated, repel missiles
A: unfitting armour, tough skin 1
a: no special abilities


You were on level 2 of the Dungeon.
You were not hungry.

You visited 1 branch of the dungeon, and saw 2 of its levels.

You collected 16 gold pieces.

Inventory:

Hand Weapons
 i - a +0 mace (weapon)
Missiles
 e - 6 javelins (quivered)
Armour
 a - a +0 robe (worn)
 b - a +0 hat (worn)
Scrolls
 f - 2 scrolls of identify {unknown}
 g - a scroll of remove curse {unknown}
 h - a scroll of fog {unknown}
Books
 c - a book of Minor Magic

   Spells                             Type                      Level
   a - Magic Dart                     Conjuration                  1
   b - Blink                          Translocation                2
   c - Call Imp                       Summoning                    2
   d - Repel Missiles                 Charms/Air                   2
   e - Slow                           Hexes                        2
   f - Conjure Flame                  Conjuration/Fire             3
   g - Mephitic Cloud                 Conjuration/Poison/Air       3
Comestibles
 d - a bread ration


   Skills:
 + Level 0.6 Maces & Flails
 - Level 1.7 Dodging
 - Level 1.5 Stealth
 - Level 4.0 Spellcasting
 - Level 1.2 Conjurations
 - Level 0.6 Summonings
   Level 0.6 Translocations


You had 4 spell levels left.
You knew the following spells:

 Your Spells              Type           Power        Failure   Level  Hunger
a - Repel Missiles        Chrm/Air       #.....       24%         2    ##.....
d - Call Imp              Summ           #.......     21%         2    ##.....
f - Magic Dart            Conj           #...         12%         1    None


Dungeon Overview and Level Annotations

Branches:
Dungeon (2/15)

Altars:

Annotations:
D:2 Terence


Innate Abilities, Weirdness & Mutations

You are too large for most types of armour.
You have tough skin. (AC +1)


Message History

Your white imp barely misses Terence.
Terence hits your white imp with a falchion of holy wrath.
Your white imp convulses!
Your white imp dies!
Terence shouts!
Casting: Call Imp
Confirm with . or Enter, or press ? or * to list all spells.
A shadowy apparition takes form in the air.
You hear a shout!
A hobgoblin comes into view.
The hobgoblin shouts!
Terence says, "How do you enjoy it?"
Your shadow imp barely misses Terence.
Terence screams, "I'm going to kill you!"
You see here a leopard gecko corpse.
You closely miss Terence.
Terence is almost dead.
Your shadow imp disappears in a puff of smoke!
Terence hits you with a falchion of holy wrath.
You die...

#..... ..# #.#
.##.#.######.###.#
...............#.#
###.#.#......#.#<#
...#<#......#.#.######.
#####.#..#..†...........
#.#..#.#...#.######
#.#..#.#####..#####
#.#..#..g.§@@.....#
#.#..########.##.##
#.#..#...g....##.#
#.#............#.#
#.####..#.#.# #......#
#####...### .........#
########........


You could see Terence and a hobgoblin.

Vanquished Creatures
  A leopard gecko (D:2)
  A ball python (D:1)
  A giant cockroach (D:1)
  A hobgoblin (D:1)
  2 jackals (D:1)
  A kobold (D:1)
  3 frilled lizards (D:1)
  A goblin (D:1)
  3 rats (D:1)
14 creatures vanquished.

Notes
Turn   | Place    | Note
-------+----------+-------------------------------------------
     0 | D:1      | Amnesiac the Ogre Wizard began the quest for the Orb.
     0 | D:1      | Reached XP level 1. HP: 16/16 MP: 5/5
   161 | D:1      | Reached skill level 4 in Spellcasting
   267 | D:1      | Reached XP level 2. HP: 24/24 MP: 5/7
   274 | D:1      | Learned a level 2 spell: Repel Missiles
   277 | D:1      | Learned a level 2 spell: Call Imp
   315 | D:1      | Reached skill level 1 in Conjurations
   664 | D:2      | Noticed Terence
   700 | D:2      | Slain by Terence

Vault maps used:
D:1:      tarquinn_simple_flora_water_f, interstate_on_off,
          minmay_misc_feat_hallway, solitary_fountain, st_stairs_8
D:2:      uniq_terence

Skill      XL: |  1  2 |
---------------+-------+-----
Spellcasting   | 4 |  4.0
Conjurations   | 1 |  1.2
Maces & Flails | |  0.6
Dodging        | |  1.7
Stealth        | |  1.5
Summonings     | |  0.6
Translocations | |  0.6

Action                   || total
-------------------------++-------
Melee: Unarmed           ||    29
       Mace              ||    14
 Cast: Magic Dart        ||    32
       Call Imp          ||     2
       Repel Missiles    ||     1
Armor: Robe              ||    22
Dodge: Dodged            ||    23
